 Dungeon Crawl Stone Soup version 0.24-b1 (webtiles) character file.

Game seed: 7318768139409673145, levelgen mode: deterministic

2414 Amnesiac the Martial Artist (level 9, -1/54 HPs)
             Began as a Vampire Monk on Oct 12, 2019.
             Shot with an arrow by a centaur (9 damage)
             ... on level 8 of the Dungeon.
             The game lasted 00:26:43 (6493 turns).

Amnesiac the Martial Artist (Vampire Monk)          Turns: 6493, Time: 00:26:44

Health: -1/54      AC:  7    Str:  6 (11) XL:     9   Next: 23%
Magic:  7/9        EV: 18    Int:  7 (12) God:
Gold:   233        SH:  0    Dex: 19      Spells: 2/8 levels left

rFire    . . .     SeeInvis +     - Unarmed
rCold    + + .     Gourm    .   (no shield)
rNeg     + + +     Faith    .   p - +0 robe (curse)
rPois    ∞         Spirit   .   s - +1 helmet
rElec    .         Reflect  .   B - +0 cloak {MR+}
rCorr    .         Harm     .   h - +0 pair of gloves
MR       +....                  l - +0 pair of boots
Stlth    ++++++....             (no amulet)
HPRegen  0.00/turn              x - ring of stealth
MPRegen  0.11/turn              (no ring)

@: very slightly contaminated, bloodless, regenerating quickly
A: no food, fangs 3, see invisible, unbreathing
a: Bat Form, Revivify


You were on level 8 of the Dungeon.
You were bloodless.

You visited 1 branch of the dungeon, and saw 8 of its levels.

You collected 297 gold pieces.
You spent 64 gold pieces at shops.

Inventory:

Missiles
 b - 13 boomerangs
 m - 3 javelins
 q - 20 poisoned darts (quivered)
Armour
 h - a +0 pair of gloves (worn)
 l - a +0 pair of boots (worn)
 p - a cursed +0 robe (worn)
 s - a +1 helmet (worn)
 B - a +0 cloak of magic resistance (worn)
Jewellery
 x - a ring of stealth (left hand)
Scrolls
 c - 6 scrolls of identify
 d - 4 scrolls of teleportation
 f - 2 scrolls of fear {unknown}
 k - 2 scrolls of enchant armour {unknown}
 n - a scroll of remove curse {unknown}
 o - 2 scrolls of amnesia {unknown}
 t - 2 scrolls of blinking {unknown}
 w - a scroll of random uselessness {unknown}
 y - a scroll of enchant weapon {unknown}
Potions
 a - 2 potions of brilliance
 e - 2 potions of flight {unknown}
 g - a potion of cancellation {unknown}
 i - 2 potions of curing
 j - 3 potions of mutation
 r - 3 potions of resistance
 u - a potion of heal wounds
 v - a potion of degeneration {unknown}
 z - a potion of ambrosia {unknown}
 A - a potion of lignification {unknown}


   Skills:
 - Level 5.0 Fighting
 - Level 8.0 Dodging
 - Level 3.0 Stealth
 + Level 10.8 Unarmed Combat


You had 2 spell levels left.
You knew the following spells:

 Your Spells              Type           Power        Failure   Level  Hunger
b - Apportation           Tloc           #.....       43%         1    N/A
c - Animate Skeleton      Necr           N/A          43%         1    N/A
d - Summon Small Mammal   Summ           #...         43%         1    N/A
e - Passwall              Tmut/Erth      #.......     56%         2    N/A
z - Confusing Touch       Hex            #.....       43%         1    N/A

Your spell library contained the following spells:

 Spells                   Type           Power        Failure   Level  Hunger
 Sandblast                Erth           #.....       43%         1    N/A
 Stone Arrow              Conj/Erth      #.....       80%         3    N/A
 Petrify                  Tmut/Erth      #.......     99%         4    N/A
 Lee's Rapid Deconstruct  Erth           #.........   100%        5    N/A

Dungeon Overview and Level Annotations

Branches:
Dungeon (8/15)
 Temple: D:4-7         Lair: D:8-11

Altars:
Cheibriados
Dithmenos
Gozag
Kikubaaqudgha
Nemelex Xobeh
Vehumet
Wu Jian
Xom

Shops:
D:5 *

Annotations:
D:2 Natasha
D:3 3 runed translucent doors, floatboth's ghost, amateur TeCj
D:5 2 transporters, Prince Ribbit; ViolentOr's ghost, novice MiFi


Innate Abilities, Weirdness & Mutations

You do not eat.
You do not regenerate when monsters are visible.
You are frail without blood (-20% HP).
You are immune to poison.
You have razor-sharp teeth.
You have supernaturally acute eyesight. (SInv)
You can survive without breathing.


Message History

You hit the phantom but do no damage. The phantom hits you!
You hit the phantom but do no damage.
You punch the phantom, but do no damage.
You bite the phantom, but do no damage. The kobold hits you but does no damage.
The phantom misses you.
You hit the phantom but do no damage.
The phantom appears confused.
You bite the phantom.
The phantom is lightly damaged.
The kobold closely misses you.
You hit the phantom.
The phantom is lightly damaged.
The phantom hits you.
The phantom blinks!
The kobold completely misses you.
The phantom seems less confused.
The phantom hits you.
The phantom blinks!
You see here 2 arrows.
The phantom blinks!
The kobold barely misses you.
The centaur shoots an arrow.
The arrow hits you!
* * * LOW HITPOINT WARNING * * *
The centaur shoots an arrow.
The arrow hits you!
You die...

#. ####.# #.
#......... .# #.
#>#...... ... #.
#...#...#..... #.
#..##...#..... #.
#..##..... ...
######.##..##...# ....
.......@K..##...#.....
######...........>.#
####(####.....#
###....cK†cK....#
#..(#######........
#.#.# #.....### #.#.#
#.#..... #.#.#
#........ #.#>#
#.#..####


You could see a centaur and 2 kobolds.

Vanquished Creatures
  Grinder (D:6)
  Sigmund (D:3)
  2 ice beasts
  A black bear (D:6)
  6 ogres
  A centaur (D:6)
  2 big kobolds
  A bullfrog (D:8)
  A scorpion (D:5)
  2 crimson imps
  Crazy Yiuf (D:6)
  2 hounds
  3 jellies
  5 orc priests
  A bullfrog skeleton (D:4)
  2 iguanas (D:8)
  5 orc wizards
  5 worker ants
  7 gnolls
  2 howler monkey skeletons
  3 adders
  An adder zombie (D:6)
  4 worms
  3 dart slugs
  4 leopard geckos
  16 orcs
  6 giant cockroaches
  3 hobgoblins
  4 jackals
  6 kobolds
  2 quokkas
  A ball python (D:3)
  7 bats
  3 frilled lizards
  4 goblins
  A jackal skeleton (D:4)
  2 leopard gecko skeletons
  A quokka skeleton (D:4)
  2 rats (D:1)
124 creatures vanquished.

Vanquished Creatures (others)
  An orc (D:6)
  6 plants (D:5)
7 creatures vanquished.

Grand Total: 131 creatures vanquished

Notes
Turn   | Place    | Note
-------+----------+-------------------------------------------
     0 | D:1      | Amnesiac the Vampire Monk began the quest for the Orb.
     0 | D:1      | Reached XP level 1. HP: 17/17 MP: 1/1
    99 | D:1      | Reached skill level 4 in Unarmed Combat
    99 | D:1      | Reached XP level 2. HP: 18/18 MP: 2/2
   131 | D:2      | Noticed Natasha
   156 | D:1      | You fall into a shaft and drop 1 floor!
   396 | D:3      | Found a runed translucent gate.
   396 | D:3      | Found a runed translucent gate.
   396 | D:3      | Found a runed translucent gate.
   396 | D:3      | Noticed floatboth's ghost (amateur TeCj)
   403 | D:3      | Noticed Sigmund
   507 | D:3      | Reached XP level 3. HP: 22/22 MP: 3/3
   654 | D:4      | Noticed an ogre
   811 | D:4      | Found a radiant altar of Vehumet.
   838 | D:4      | Reached skill level 5 in Unarmed Combat
   871 | D:4      | Reached XP level 4. HP: 20/27 MP: 4/4
   994 | D:4      | Killed an ogre
   994 | D:4      | Reached XP level 5. HP: 32/32 MP: 5/5
  1011 | D:4      | Noticed an ogre
  1249 | D:3      | Killed Sigmund
  1249 | D:3      | Reached skill level 5 in Dodging
  1249 | D:3      | Reached XP level 6. HP: 25/38 MP: 6/6
  1429 | D:4      | Reached XP level 7. HP: 28/44 MP: 7/7
  1707 | D:4      | Learned a level 1 spell: Confusing Touch
  1709 | D:4      | Learned a level 1 spell: Apportation
  1711 | D:4      | Learned a level 1 spell: Animate Skeleton
  1713 | D:4      | Learned a level 1 spell: Summon Small Mammal
  1990 | D:4      | Found a sparkling altar of Nemelex Xobeh.
  2092 | D:5      | Entered Level 5 of the Dungeon
  2100 | D:5      | Learned a level 2 spell: Passwall
  2223 | D:5      | Found a snail-covered altar of Cheibriados.
  2947 | D:5      | Found Fiank's Assorted Antiques.
  2956 | D:5      | Bought a fuming cyan potion for 30 gold pieces
  2956 | D:5      | Bought a scroll labeled OPAPNUG KEHINT for 34 gold pieces
  3131 | D:5      | Found a transporter.
  3137 | D:5      | Found a transporter.
  3140 | D:5      | Noticed ViolentOr's ghost (novice MiFi)
  3164 | D:5      | Identified the cursed +1 ring mail of Rotretal {+Blink
                  | +Fly}
  3411 | D:5      | Noticed Prince Ribbit
  3485 | D:5      | Reached skill level 5 in Fighting
  3829 | D:6      | Found a runed translucent door.
  3830 | D:6      | Noticed Crazy Yiuf
  3899 | D:6      | Reached XP level 8. HP: 49/49 MP: 8/8
  3938 | D:6      | Reached skill level 6 in Unarmed Combat
  4199 | D:6      | Reached skill level 7 in Unarmed Combat
  4263 | D:6      | Noticed Grinder
  4312 | D:6      | Killed Grinder
  4312 | D:6      | Reached skill level 8 in Unarmed Combat
  4892 | D:5      | Reached skill level 9 in Unarmed Combat
  5541 | D:6      | Found a shimmering altar of Xom.
  6045 | D:6      | Killed Crazy Yiuf
  6118 | D:7      | Reached skill level 10 in Unarmed Combat
  6118 | D:7      | Reached XP level 9. HP: 51/54 MP: 6/9
  6165 | D:7      | Found a shadowy altar of Dithmenos.
  6343 | D:8      | Found an ornate altar of the Wu Jian Council.
  6344 | D:8      | Found an ancient bone altar of Kikubaaqudgha.
  6384 | D:8      | Found an opulent altar of Gozag.
  6493 | D:8      | Shot with an arrow by a centaur

Skill      XL: |  1  2  3  4  5  6  7  8 |
---------------+-------------------------+-----
Unarmed Combat | 4 5 10 | 10.8
Fighting       | 3 4 5 |  5.0
Dodging        | 4 5 6 8 |  8.0
Stealth        | |  3.0

Action                   |  1- 3 |  4- 6 |  7- 9 || total
-------------------------+-------+-------+-------++-------
Melee: Unarmed           |    70 |    48 |   414 ||   532
       Bite              |     8 |    10 |    35 ||    53
       Punch             |       |       |    10 ||    10
Throw: Boomerang         |    42 |       |    10 ||    52
       Dart              |       |       |    33 ||    33
 Cast: Confusing Touch   |       |       |    28 ||    28
 Abil: Exsanguinate      |     1 |       |       ||     1
       Bat Form          |     1 |       |     4 ||     5
       End Transformatio |       |       |     5 ||     5
Evoke: Wand              |     2 |    11 |     7 ||    20
  Use: Scroll            |       |       |     4 ||     4
       Potion            |       |       |     2 ||     2
 Stab: Sleeping          |     5 |       |     9 ||    14
       Distracted        |     1 |       |     1 ||     2
       Confused          |       |       |    29 ||    29
Armor: Robe              |     5 |       |    46 ||    51
Dodge: Dodged            |    50 |    50 |   250 ||   350
